 Dungeon Crawl Stone Soup version 0.31-a0-23-gcbde74481b (webtiles) character file.

Game seed: 14595015064964081060

524 pk666 the Magician (level 7, 0/36 HPs)
             Began as a Deep Elf Hedge Wizard on May 13, 2023.
             Slain by a gnoll
             ... wielding a +0 flail
             ... led by a gnoll bouda
              (14 damage)
             ... on level 5 of the Dungeon.
             The game lasted 00:13:01 (4596 turns).

pk666 the Magician (Deep Elf Hedge Wizard)          Turns: 4596, Time: 00:13:02

Health: 0/36       AC:  3    Str:  7    XL:     7   Next: 2%
Magic:  12/27      EV: 12    Int: 21    God:
Gold:   213        SH:  0    Dex: 14    Spells: 12/18 levels left

rFire   . . .        q - +2 whip (venom)
rCold   . . .        (no shield)
rNeg    . . .        b - +0 robe
rPois   .            c - +0 hat
rElec   .            (no cloak)
rCorr   .            a - +0 pair of gloves
SInv    .            (no boots)
Will    .....        (no amulet)
Stlth   ++           e - ring of magical power
HPRegen 0.26/turn    (no ring)
MPRegen 0.20/turn

%: no passive effects
@: no status effects
A: no striking features
a: no special abilities


You were on level 5 of the Dungeon.
You visited 1 branch of the dungeon, and saw 5 of its levels.

You collected 293 gold pieces.
You spent 80 gold pieces at shops.

Inventory:

Hand Weapons
 q - a +2 whip of venom (weapon)
Armour
 a - a +0 pair of gloves (worn)
 b - a +0 robe (worn)
 c - a +0 hat (worn)
Magical Staves
 r - a staff of poison
Jewellery
 e - a ring of magical power (left hand)
Wands
 y - a wand of quicksilver (20)
 z - a wand of flame (24)
Scrolls
 g - 4 scrolls of blinking {unknown}
 i - 4 scrolls of teleportation {unknown}
 j - 2 scrolls of magic mapping {unknown}
 l - a scroll of brand weapon {unknown}
 m - 2 scrolls of enchant armour {unknown}
 n - a scroll of amnesia {unknown}
 p - 5 scrolls of fear
 s - 3 scrolls of immolation
 v - a scroll of silence {unknown}
 x - a scroll of noise {unknown}
 A - a scroll of fog {unknown}
Potions
 d - 2 potions of magic
 f - 4 potions of might
 h - a potion of flight
 k - 3 potions of heal wounds
 o - a potion of attraction {unknown}
 t - a potion of haste
 u - a potion of mutation {unknown}
 w - a potion of curing {unknown}
 B - a potion of brilliance {unknown}


   Skills:
 - Level 2.4 Dodging
 - Level 2.4 Stealth
 + Level 6.1 Spellcasting
 + Level 3.4 Conjurations
 - Level 1.1 Summonings
 + Level 3.4 Translocations
 * Level 3.2 Air Magic
 * Level 3.5 Poison Magic


You had 12 spell levels left.
You knew the following spells:

 Your Spells              Type           Power      Damage    Failure   Level
a - Magic Dart            Conj           80%        1d7       2%          1
b - Blink                 Tloc           40%        N/A       3%          2
c - Mephitic Cloud        Conj/Pois/Air  20%        N/A       7%          3

Your spell library contained the following spells:

 Spells                   Type           Power      Damage    Failure   Level
 Shock                    Conj/Air       80%        1d8       2%          1
 Cigotuvi's Dreadful Rot  Necr/Pois/Air  30%        N/A       6%          2
 Swiftness                Air            20%        N/A       8%          3
 Beastly Appendage        Tmut           12%        N/A       10%         1
 Slow                     Hex            24%        N/A       10%         1
 Call Imp                 Summ           22%        N/A       10%         2
 Wereblood                Tmut           6%         N/A       14%         2
 Hailstorm                Conj/Ice       13%        3d5       14%         3
 Spider Form              Tmut/Pois      13%        N/A       14%         3
 Ignite Poison            Fire/Tmut/Pois 11%        N/A       19%         3
 Airstrike                Air            10%        2d(2-18)  26%         4
 Ice Form                 Ice/Tmut       6%         N/A       67%         4
 Freezing Cloud           Conj/Ice/Air   7%         6-21      71%         5
 Simulacrum               Ice/Necr       3%         N/A       100%        6


Dungeon Overview and Level Annotations

Branches:
Dungeon (5/15)
 Temple: D:4-7

Altars:
Cheibriados
Okawaru
Ru
Sif Muna
Zin

Shops:
D:2 ?

Annotations:
D:2 exclusion: door, Jessica
D:5 Grinder


Message History

Press: ? - help, Shift-Dir - straight line, f/p - gnoll
Aim: a gnoll, wielding a +0 spear (noxious fumes, severely wounded, 100% to hit)
The magic dart hits the gnoll.
You kill the gnoll!
You barely miss Grinder.
Grinder is lightly wounded.
Grinder says, "Just stop there for a second..."
Grinder barely misses you.
You barely miss Grinder.
Grinder is lightly wounded.
Grinder hits you.
You writhe in agony.
Casting: Magic Dart (safe; 2% risk of failure)
Confirm with . or Enter, or press ? or * to list all spells.
Aiming: Magic Dart (safe; 2% risk of failure)
Press: ? - help, Shift-Dir - straight line, f - Grinder
Aim: Grinder (lightly wounded, 100% to hit)
The magic dart hits Grinder.
Grinder is lightly wounded.
Grinder closely misses you.
Casting: Magic Dart (safe; 2% risk of failure)
Confirm with . or Enter, or press ? or * to list all spells.
Aiming: Magic Dart (safe; 2% risk of failure)
Press: ? - help, Shift-Dir - straight line, f/p - Grinder
Aim: Grinder (lightly wounded, 100% to hit)
The magic dart hits Grinder but does no damage.
Grinder is lightly wounded.
Grinder gestures at you. Pain shoots through your body!
Casting: Magic Dart (safe; 2% risk of failure)
Confirm with . or Enter, or press ? or * to list all spells.
You blink.
The gnoll shouts!
Grinder blinks!
You feel stable enough to blink again.
The gnoll seems less confused.
The gnoll attacks as you move away! The gnoll hits you with a +0 flail.
The gnoll bouda barks out a call to the hunt!
The gnoll picks up the pace!
The gnoll attacks as you move away! The gnoll hits you with a +0 flail!
You die...

#.######.#######..
#.##.g......).§...
#.##.###.#######..
#.##g# #.# ##.
#.##.###†# #.
#........# #.
#.......)# #+
#g##.##..#
#@##.##..#
#.##.##..# #.##..
# #.###. #.# ..
#.. ### #+


You could see a gnoll bouda and a gnoll (swift).

Vanquished Creatures
  A bullfrog (D:5)
  2 scorpions
  A gnoll bouda (D:3)
  2 iguanas
  An orc priest (D:3)
  An orc wizard (D:3)
  2 adders
  10 gnolls
  An ufetubus (D:5)
  4 dart slugs
  3 orcs (D:3)
  2 endoplasms (D:3)
  A giant cockroach (D:1)
  10 goblins
  10 hobgoblins
  10 jackals
  6 kobolds
  2 quokkas
  5 ball pythons
  7 bats
  4 frilled lizards
  A rat (D:3)
86 creatures vanquished.

Vanquished Creatures (collateral kills)
  A gnoll (D:5)
1 creature vanquished.

Grand Total: 87 creatures vanquished

Notes
Turn   | Place    | Note
-------+----------+-------------------------------------------
     0 | D:1      | pk666 the Deep Elf Hedge Wizard began the quest for the
                  | Orb.
     0 | D:1      | Reached XP level 1. HP: 10/10 MP: 7/7
   166 | D:1      | Found a faded altar of an unknown god.
   309 | D:1      | Reached XP level 2. HP: 15/15 MP: 9/9
   312 | D:1      | Learned a level 2 spell: Blink
   707 | D:1      | Reached XP level 3. HP: 19/19 MP: 8/11
   710 | D:1      | Reached skill level 5 in Spellcasting
   984 | D:2      | Learned a level 3 spell: Mephitic Cloud
  1108 | D:2      | Noticed Jessica
  1249 | D:2      | Found a glowing silver altar of Zin.
  1533 | D:2      | Found Jatuef's Magic Scroll Boutique.
  1540 | D:2      | Bought a scroll of fear for 40 gold pieces
  1540 | D:2      | Bought a scroll of identify for 20 gold pieces
  1540 | D:2      | Bought a scroll of identify for 20 gold pieces
  1693 | D:3      | Reached skill level 1 in Air Magic
  1693 | D:3      | Reached XP level 4. HP: 12/24 MP: 8/13
  1849 | D:3      | Reached skill level 1 in Poison Magic
  2457 | D:3      | Reached XP level 5. HP: 28/28 MP: 15/15
  2691 | D:3      | Found an iron altar of Okawaru.
  2857 | D:4      | Reached XP level 6. HP: 32/32 MP: 16/16
  4002 | D:5      | Entered Level 5 of the Dungeon
  4328 | D:5      | Reached skill level 6 in Spellcasting
  4453 | D:5      | Found a sacrificial altar of Ru.
  4453 | D:5      | Found a faded altar of an unknown god.
  4461 | D:5      | Found a faded altar of an unknown god.
  4463 | D:5      | Found a shimmering blue altar of Sif Muna.
  4465 | D:5      | Found a snail-covered altar of Cheibriados.
  4561 | D:5      | Noticed Grinder
  4571 | D:5      | Reached XP level 7. HP: 34/36 MP: 18/18
  4596 | D:5      | Slain by a gnoll

Illustrated notes

Levels and vault maps discovered:
D:1:      beargit_arrival_greenhouse, layout_rooms,
          hellmonk_ecumenical_altar_lost_god
D:2:      layout_loops_ring, basic_altar, serial_shops,
          nicolae_shop_pleasant_corner_grove, kennysheep_jessica_study,
          uniq_jessica
D:3:      layout_rooms, lemuel_coloured_pillars_altar,
          amcnicky_mini_corridor_feature, nicolae_grassy_gnolls
D:4:      layout_basic
D:5:      layout_loops_corners, chequers_temple_overflow_minitemple,
          uniq_grinder

Skill      XL: |  1  2  3  4  5  6 |
---------------+-------------------+-----
Conjurations   | 2 3 |  3.4
Translocations | 2 3 |  3.4
Spellcasting   | 5 6 |  6.1
Air Magic      | 1 2 3 |  3.2
Poison Magic   | 1 2 3 |  3.5
Dodging        | |  2.4
Stealth        | |  2.4
Summonings     | |  1.1

Action                     |  1- 3 |  4- 6 |  7- 9 || total
---------------------------+-------+-------+-------++-------
  Melee: Dagger            |     8 |       |       ||     8
         Whip              |     4 |    12 |     2 ||    18
         Punch             |       |     1 |       ||     1
   Cast: Magic Dart        |   102 |   183 |     7 ||   292
         Mephitic Cloud    |     2 |    10 |     1 ||    13
         Blink             |       |     5 |     1 ||     6
  Evoke: Wand              |       |     1 |       ||     1
    Use: Scroll            |     4 |       |       ||     4
   Stab: Confused          |       |     2 |       ||     2
 Armour: Robe              |     3 |     3 |     1 ||     7
  Dodge: Dodged            |    20 |    25 |     2 ||    47

Table legend: (Time is in decaauts)
 A = Elapsed time spent in this place.
 B = Non-inter-level travel time spent in this place.
 C = Inter-level travel time spent in this place.
 D = Time resting spent in this place.
 E = Time spent auto-exploring this place.
 F = Levels seen in this place.
 G = Mean time per level.
                   A        B        C        D        E       F      G
               +--------+--------+--------+--------+--------+-----+--------+
         Total |   4600 |   4297 |    303 |   1125 |   2506 |   5 |  920.0 |
       Dungeon |   4600 |   4297 |    303 |   1125 |   2506 |   5 |  920.0 |
               +--------+--------+--------+--------+--------+-----+--------+

Top non-repeatable levels by time:
     D:3: 1173 daAuts
     D:1: 973 daAuts
     D:4: 959 daAuts
     D:2: 900 daAuts
     D:5: 594 daAuts
